 Dungeon Crawl Stone Soup version 0.19.4-10-g532645f (webtiles) character file.

89 loralnil the Skirmisher (level 4, -6/41 HPs)
             Began as a Minotaur Fighter on Feb 23, 2017.
             Splashed by Ijyb's acid (12 damage)
             ... on level 2 of the Dungeon.
             The game lasted 00:02:02 (839 turns).

loralnil the Skirmisher (Minotaur Fighter)           Turns: 839, Time: 00:02:02

Health: -6/41      AC:  0    Str: 21    XL:     4   Next: 31%
Magic:  3/3        EV:  7    Int:  5    God:
Gold:   80         SH:  9    Dex: 10    Spells: 0 memorised, 3 levels left

rFire  . . .     SeeInvis .     a - +0 war axe
rCold  . . .     Gourm    .     b - +0 scale mail
rNeg   . . .     Faith    .     c - +0 shield
rPois  .         Spirit   .     (helmet restricted)
rElec  .         Reflect  .     j - +0 cloak (curse)
rCorr  .         Harm     .     (no gloves)
MR     .....                    (no boots)
Stlth  ..........               (no amulet)
                                (no ring)
                                (no ring)

@: corroded
A: retaliatory headbutt, horns 2
a: no special abilities


You were on level 2 of the Dungeon.
You were not hungry.

You visited 1 branch of the dungeon, and saw 2 of its levels.

You collected 80 gold pieces.

Inventory:

Hand Weapons
 a - a +0 war axe (weapon)
Armour
 b - a +0 scale mail (worn)
 c - a +0 shield (worn)
 j - a cursed +0 cloak (worn)
Scrolls
 e - 2 scrolls of fear {unknown}
 g - 2 scrolls of enchant weapon {unknown}
 l - a scroll of noise {unknown}
Potions
 d - a potion of might
 i - a potion of curing {unknown}
 k - a potion of lignification {unknown}
Comestibles
 f - a bread ration
 h - a meat ration


   Skills:
 + Level 4.4 Fighting
 + Level 3.7 Axes
 + Level 4.4 Armour
 + Level 0.2 Dodging
 + Level 4.1 Shields


You had 3 spell levels left.
You didn't know any spells.

Dungeon Overview and Level Annotations

Branches:
Dungeon (2/15)

Altars:
Hepliaklqana

Annotations:
D:2 Ijyb


Innate Abilities, Weirdness & Mutations

You reflexively headbutt those who attack you in melee.
You have a pair of horns on your head.


Message History

You furiously retaliate!
You headbutt the goblin!
You kill the goblin!
The goblin hits you but does no damage.
Ijyb zaps a wand.
The bolt of acid hits you! The acid corrodes you!
You are splashed with acid!
The acid burns!
It is a wand of acid.
The goblin hits you but does no damage.
Things that are here:
an enchanted dagger; a goblin corpse The goblin wields an uncursed hunting sling.
The goblin shoots a stone.
You block the stone.
You see here a stone.
You closely miss the goblin. You headbutt the goblin.
You kill the goblin!
Ijyb zaps a wand.
The bolt of acid hits the goblin.
The goblin is splashed with acid.
The goblin dies!
The bolt of acid hits you!
* * * LOW HITPOINT WARNING * * *
The acid corrodes you!
You are splashed with acid!
The acid burns!
You die...

..........# .....###..#
.....# #..# ...#.###.##
...#.....# #########
...####.## #.$$.)..#
#### #.# #8.....8# ####
#.# #.......# ...# #.#
#8...@.8# ####
##.####.# #....)g.# ..#
####### #......#
#8.....8# #.# #......
#########
#....†g.####.###.####.
##
#8....(8#.............
.##
#........###.##..#.##.
#.#
#.............##..#.##.
.##
#..#############.......
## #.# #.##.##.


You could see Ijyb and a goblin.

Vanquished Creatures
  2 adders (D:2)
  5 worms (D:2)
  A dart slug (D:1)
  A leopard gecko (D:2)
  3 bats
  A giant cockroach (D:1)
  8 goblins
  5 hobgoblins
  7 jackals
  4 frilled lizards
  8 kobolds
  6 rats
51 creatures vanquished.

Vanquished Creatures (others)
  A goblin (D:2)
1 creature vanquished.

Grand Total: 52 creatures vanquished

Notes
Turn   | Place    | Note
-------+----------+-------------------------------------------
     0 | D:1      | loralnil the Minotaur Fighter began the quest for the Orb.
     0 | D:1      | Reached XP level 1. HP: 19/19 MP: 0/0
   102 | D:1      | Reached XP level 2. HP: 22/27 MP: 1/1
   484 | D:1      | Reached XP level 3. HP: 33/33 MP: 2/2
   555 | D:2      | Found a hazy altar of Hepliaklqana.
   594 | D:2      | Reached XP level 4. HP: 40/40 MP: 3/3
   831 | D:2      | Noticed Ijyb
   839 | D:2      | Splashed by Ijyb's acid

Skill      XL: |  1  2  3 |
---------------+----------+-----
Fighting       | 4 |  4.4
Shields        | 4 |  4.1
Axes           | 3 |  3.7
Armour         | 4 |  4.4
Dodging        | |  0.2

Action                   |  1- 3 |  4- 6 || total
-------------------------+-------+-------++-------
Melee: War axe           |    62 |    23 ||    85
       Headbutt          |     8 |     3 ||    11
Armor: Scale mail        |    36 |    11 ||    47
Dodge: Dodged            |    19 |     9 ||    28
Block: Shield            |    38 |    17 ||    55
